[Event "44th Chess Olympiad Women 2022"]
[Site "Chennai"]
[Date "2022.08.07"]
[Round "9.14"]
[White "Lazarne Vajda, Szidonia"]
[Black "Mendoza, Shania Mae"]
[Result "1-0"]
[WhiteElo "2313"]
[BlackElo "2153"]
[Annotator "RC"]
[PlyCount "122"]
[EventDate "2022.??.??"]
[TimeControl "60"]

1. d4 d5 2. Bf4 Nf6 3. e3 g6 4. Nc3 Bg7 5. h4 h6 6. Nf3 a6 7. Ne5 c5 8. Qd2 c4 9. Be2 b5 10. Bf3 Bb7 11. a4 Qb6 12. axb5 axb5 13. O-O Rxa1 14. Rxa1 O-O 15. b4 cxb3 16. cxb3 Ne4 17. Nxe4 dxe4 18. Be2 Rd8 19. Qb4 Bf6 20. Qxb5 Qxb5 21. Bxb5 g5 22. hxg5 hxg5 23. Bg3 Bd5 24. Bc4 Bxe5 25. Bxe5 Nc6 26. Bc7 Rd7 27. Bxd5 Rxd5 28. Ra6 Nb4 29. Ra5 f6 30. Rxd5 Nxd5 31. Ba5 Kf7 32. Kf1 Ke6 33. Ke2 g4 34. Kd2 Kd7 35. Ke2 Ke6 36. Be1 Kd7 37. Kf1 Kd6 38. Bd2 e5 39. dxe5+ Kxe5 40. Kg1 Ne7 41. Bc3+ Ke6 42. f3 gxf3 43. gxf3 Nd5 44. Bd4 exf3 45. Kf2 f5 46. Kxf3 Kd6 47. Bb2 Kc5 48. Ba3+ Kb5 49. Ke2 f4 50. e4 Nc3+ 51. Kf3 Nb1 52. Bc1 Kc5 53. Kxf4 Kb4 54. e5 Kxb3 55. e6 Nc3 56. Ke5 Nb5 57. e7 Nc7 58. Kd6 Ne8+ 59. Kd7 Nf6+ 60. Kd8 Kc4 61. Bg5 Kd5 1-0

[Event "44th Chess Olympiad Women 2022"]
[Site "Chennai"]
[Date "2022.08.07"]
[Round "9.14"]
[White "Mordido, Kylen Joy"]
[Black "Gaal, Zsoka"]
[Result "0-1"]
[WhiteElo "2023"]
[BlackElo "2313"]
[Annotator "RC"]
[PlyCount "78"]
[EventDate "2022.??.??"]
[TimeControl "60"]

1. c4 Nf6 2. Nc3 e5 3. g3 Bb4 4. Bg2 O-O 5. d3 Re8 6. e4 c6 7. Nge2 d5 8. exd5 cxd5 9. O-O d4 10. Nd5 Nxd5 11. Bxd5 Nc6 12. a3 Bf8 13. f4 Be6 14. Bg2 Qd7 15. Rf2 Bf5 16. fxe5 Nxe5 17. Nf4 Ng4 18. Rf1 Ne3 19. Bxe3 dxe3 20. d4 g6 21. Ne2 Bg7 22. Bd5 Rad8 23. a4 Re7 24. Ra3 Rde8 25. a5 Bh3 26. Rf4 g5 27. Rf3 h5 28.
Rb3 Qc8 29. Qd3 Bg4 30. Rf1 Rd8 31. Rb4 Rdd7 32. Bf3 Bxf3 33. Rxf3 Bxd4 34. Nxd4 e2 35. Rb5 e1=Q+ 36. Kg2 Re5 37. Rf5 Rxb5 38. cxb5 Qcc1 39. Rf2 Qce3 0-1

[Event "44th Chess Olympiad Women 2022"]
[Site "Chennai"]
[Date "2022.08.07"]
[Round "9.15"]
[White "Eric, Jovana"]
[Black "Tuominen, Tanja"]
[Result "1-0"]
[WhiteElo "2271"]
[BlackElo "2080"]
[Annotator "RC"]
[PlyCount "77"]
[EventDate "2022.??.??"]
[TimeControl "60"]

1. e4 c5 2. Nf3 Nc6 3. Bb5 e6 4. O-O Nge7 5. Re1 a6 6. Bf1 d5 7. exd5 Nxd5 8. d4 Be7 9. c4 Nf6 10. Be3 cxd4 11. Nxd4 Nxd4 12. Bxd4 Bd7 13. Nc3 O-O 14. Qd3 Bc6 15. Rad1 Qa5 16. Qg3 Rfd8 17. a3 Nh5 18. Qh3 Bf6 19. Bxf6 Nxf6 20. Qg3 Rd7 21. Rxd7 Nxd7 22. Rd1 h6 23. Qd3 Qg5 24. Ne4 Qe5 25. Nc3 Qg5 26. Qe2 h5 27. b4 Ne5 28. Ne4 Qg6 29. Ng3 Ng4 30. h3 Nf6 31. Qe5 h4 32. Bd3 Qh6 33.
Ne4 Rd8 34. Ng5 Re8 35. Bc2 Qh5 36. Qe3 e5 37. Bb3 Nd7 38.
b5 axb5 39. cxb5 1-0

[Event "44th Chess Olympiad Women 2022"]
[Site "Chennai"]
[Date "2022.08.07"]
[Round "9.15"]
[White "Gajcin, Marina"]
[Black "Norlamo, Sarabella"]
[Result "1-0"]
[WhiteElo "2271"]
[BlackElo "1925"]
[Annotator "RC"]
[PlyCount "85"]
[EventDate "2022.??.??"]
[TimeControl "60"]

1. e4 e5 2. Nf3 Nc6 3. Bc4 Bc5 4. d3 Nf6 5. a4 O-O 6. O-O h6 7. c3 a5 8. Nbd2 d6 9. h3 Be6 10. Re1 Bxc4 11. Nxc4 Re8 12. Ne3 Bb6 13. Nh2 d5 14. Qf3 dxe4 15. dxe4 Qd3 16. Nhg4 Re6 17. Rd1 Qa6 18. Nf5 Nxg4 19. hxg4 Rd8 20. Rxd8+ Nxd8 21. g5 hxg5 22. Bxg5 Qa8 23. Qg4 Nc6 24. Bf6 Qf8 25. Bxg7 Rg6 26. Bxf8 Rxg4 27. Nh6+ Kxf8 28. Nxg4 Bc5 29. Rd1 Bd6 30. g3 Ke7 31. Kg2 b6 32. Rf1 Nd8 33. f4 exf4 34. gxf4 Ne6 35. e5 Bc5 36. f5 Ng5 37. Nf6 c6 38. Rd1 Be3 39. Rd7+ Kf8 40. Rd8+ Kg7 41. Rg8+ Kh6 42. e6 Bc1 43. exf7 1-0

[Event "44th Chess Olympiad Women 2022"]
[Site "Chennai"]
[Date "2022.08.07"]
[Round "9.15"]
[White "Nazarova, Anastasia"]
[Black "Blagojevic, Tijana"]
[Result "0-1"]
[WhiteElo "2208"]
[BlackElo "2330"]
[Annotator "RC"]
[PlyCount "88"]
[EventDate "2022.??.??"]
[TimeControl "60"]

1. e4 e5 2. Nf3 Nc6 3. Bb5 Nf6 4. d3 Bc5 5. c3 d5 6. Nxe5 O-O 7. Bxc6 bxc6 8. d4 Bb6 9. exd5 Qxd5 10. Qf3 c5 11. Be3 cxd4 12. cxd4 Ba5+ 13. Nc3 Rb8 14. Qxd5 Nxd5 15. Bd2 Rxb2 16. Nxd5 Bxd2+ 17. Kd1 Bg5 18. f4 Rd8 19. Nc4 Rb8 20. Nce3 Bxf4 21. Nxf4 Rxd4+ 22. Kc2 Rxf4 23. Rab1 Rf2+ 24. Kc3 Ra8 25. Rhd1 Be6 26. a4 h5 27. Rb7 Ra2 28. Rd4 c5 29. Rh4 Rd8 30. Nc2 Bf5 31. Ne1 Re2 32. Nf3 Rc2+ 33. Kb3 Rxg2 34. Ne5 f6 35. Nc6 Rd3+ 36. Kc4 Rc2+ 37. Kb5 Rb2+ 38. Ka6 Rxb7 39. Kxb7 Bg4 40. h3 g5 41. Rxg4 hxg4 42. hxg4 c4 43. Kxa7 c3 44. Nb4 Rd4 0-1

[Event "44th Chess Olympiad Women 2022"]
[Site "Chennai"]
[Date "2022.08.07"]
[Round "9.15"]
[White "Puuska, Heini"]
[Black "Velikic, Adela"]
[Result "0-1"]
[WhiteElo "2010"]
[BlackElo "2273"]
[Annotator "RC"]
[PlyCount "96"]
[EventDate "2022.??.??"]
[TimeControl "60"]

1. Nf3 d5 2. c4 d4 3. g3 c5 4. b4 cxb4 5. a3 b3 6. Qxb3 Nc6 7. Bg2 Nf6 8.
O-O e5 9. d3 Be7 10. a4 Nd7 11. Ba3 a5 12. e3 dxe3 13. fxe3 Ra6 14. d4 O-O 15. Nc3 Bxa3 16. Qxa3 Nb4 17. Qb3 Re8 18. Nb5 Rf6 19. Rad1 exd4 20. exd4 Nf8 21. Ne5 Bf5 22. Rd2 Nd7 23. Nxd7 Qxd7 24. Rdf2 Bd3 25. Rxf6 gxf6 26. Rc1 Qe6 27. Qd1 Bxc4 28. Rxc4 Qxc4 29. Nd6 Qe2 30. Qxe2 Rxe2 31. Nxb7 Rd2 32. Nxa5 Rxd4 33.
Nb3 Rd1+ 34. Kf2 Rb1 35. Nd4 Rb2+ 36. Ne2 Ra2 37. Be4 Rxa4 38. g4 Na6 39. Bf5 Nc5 40. Ng3 Ra2+ 41. Kg1 Nb3 42. Nh5 Nd4 43. Nxf6+ Kg7 44. Nh5+ Kh6 45. Be4 f5 46. Bd5 Ra5 47. Bg8 fxg4 48. Nf6 Kg7 0-1

[Event "44th Chess Olympiad Women 2022"]
[Site "Chennai"]
[Date "2022.08.07"]
[Round "9.16"]
[White "Efroimski, Marsel"]
[Black "Yakubbaeva, Nilufar"]
[Result "1-0"]
[WhiteElo "2456"]
[BlackElo "2299"]
[Annotator "TA"]
[PlyCount "86"]
[EventDate "2022.??.??"]
[TimeControl "60"]

1. e4 e5 2. Nf3 Nc6 3. Bc4 Bc5 4. c3 Nf6 5. d3 d6 6. O-O h6 7. Re1 O-O 8. h3 Be6 {[%emt 0:00:17] 8...Bb6 is the
modern continuation. C54: Giuoco Piano: 4 c3 Nf6, main lines with 5 d4 and 5
d3.} 9. Bxe6 fxe6 10. Nbd2 (10. b4 $5 Bb6 11. Nbd2 $11) 10... a5
{[%emt 0:03:50] The position is equal.} 11. Nf1 Qd7 {[%emt 0:
02:55] [#]} 12. d4 $146 ({Predecessor:} 12. Be3 Bxe3 13. Nxe3
Ne7 14. g3 Ng6 15. Kg2 Rf7 16. Nh2 Raf8 17. Rf1 d5 18. Qc2 {1-0 (53) Hou,Y 
(2658)-Lei,T (2505) Chess.com INT 2021}) 12... exd4 13. cxd4 Bb6 14. Ng3 Rf7 15. Be3 d5 16. e5 Ne4 17. Qd3 Nxg3 18. fxg3 Raf8 19. Nd2 Qe7 20. a3 Qe8 21. Kh2 Qd7 22. Nf1 Kh8 23. g4 Rf4 24. Bxf4 Rxf4 25. Ng3 {[%emt 0:04:37] [#] Rf1 is the strong threat.} Bxd4 ({Better is} 25... Rxd4 $11 26. Qg6 Rf4) 26. Ne2 $1 $14 Qf7 (26... Nxe5 $2 27. Qg3 Bf2 28. Qxf4 $18) (
{Black should try} 26... Re4 $14) 27. Nxd4 $2 (27. Nxf4 $18
Qxf4+ 28. Kh1) 27... Rxd4 28. Rf1 Rxd3 {[%emt 0:03:54] White now steadily converts the win.} (28...
Qe7 $14 29. Qg3 a4) 29. Rxf7 $18 Nxe5 $2 {[%emt 0:01:18] [#]}
(29... Rb3 30. Rxc7 Rxb2) 30. Rxc7 $14 {[%emt 0:00:05] Endgame KRR-KRN} Rd2 31. Rxb7 Nd3 32. Rf1 {
[%emt 0:05:26] Prevents Nf4.} Rxb2 (32... Ne5 $142 33. b4 axb4
34. axb4 Re2) 33. Rxb2 $18 Nxb2 {[%emt 0:00:05] KR-KN} 34.
Rf8+ Kh7 35. Re8 {[%emt 0:00:10] White is
clearly winning.} d4 (35... Nc4 $142 36. Rxe6 a4) 36. Rxe6 d3 37. Rd6 Kg8 38. Kg3 Kf7 39. Kf2 Ke7 40. Rd4 Ke6 41. Ke3 Ke5 42. Rd7 g5 43. Rb7 Kd5 {[%emt 0:04:37] Weighted Error Value:
White=0.28 (precise) /Black=0.43} 1-0

[Event "44th Chess Olympiad Women 2022"]
[Site "Chennai"]
[Date "2022.08.07"]
[Round "9.16"]
[White "Khamdamova, Afruza"]
[Black "Levitan, Ronit"]
[Result "1-0"]
[WhiteElo "1969"]
[BlackElo "2084"]
[Annotator "NA RC"]
[PlyCount "65"]
[EventDate "2022.??.??"]
[TimeControl "60"]

1. e4 e5 2. Nf3 Nc6 3. Bb5 a6 4. Ba4 Nf6 5. d3 d6 6. c4 g6 7. h3 Bg7 8. O-O O-O 9. Nc3 Nb8 10. d4 exd4 11. Nxd4 c6 12. Bf4 Qe7 13. Re1 Rd8 14. e5 dxe5 15. Bxe5 Be6 16. Qf3 Nbd7 17. Nxe6 Nxe5 18. Rxe5 fxe6 19. Rae1 Qb4 20. Bb3 Rf8 21.
Rxe6 Nd7 22. Qe3 Qc5 23. Ne4 Qxe3 24. Rxe3 Bd4 25. Rd3 c5 26. Ba4 Ne5 27. Rxd4 Nf3+ 28. gxf3 cxd4 29. Kg2 Rad8 30. c5 Kg7 31. Rb6 d3 32. Rxb7+ Kh6 33. h4 1-0

[Event "44th Chess Olympiad Women 2022"]
[Site "Chennai"]
[Date "2022.08.07"]
[Round "9.16"]
[White "Lahav, Michal"]
[Black "Bobomurodova, Maftuna"]
[Result "1-0"]
[WhiteElo "2191"]
[BlackElo "1914"]
[Annotator "RC"]
[PlyCount "117"]
[EventDate "2022.??.??"]
[TimeControl "60"]

1. c4 e5 2. Nc3 g6 3. g3 Bg7 4. Bg2 d6 5. e4 Nc6 6. Nge2 f5 7. O-O Nf6 8. d3 O-O 9. exf5 Bxf5 10. h3 Qd7 11. Kh2 Rae8 12. Be3 Nb4 13. Ne4 c5 14. N2c3 a6 15. a3 Nc6 16. Qa4 Rd8 17. b4 cxb4 18. axb4 Nd4 19. Nxf6+ Bxf6 20. Qxd7 Rxd7 21. Bxd4 exd4 22. Bd5+ Kg7 23.
Ne4 Bd8 24. Ra3 h5 25. Nd2 Re8 26. Kg2 Re2 27. Nf3 Bf6 28. Rb1 Rc2 29. Ne1 Re2 30. Bf3 Re8 31. Nc2 Rc7 32. g4 hxg4 33. hxg4 Bd7 34. Na1 Re5 35. Ra5 b5 36. Rxa6 bxc4 37. dxc4 Rxc4 38. Rxd6 Bb5 39. Nb3 Rxb4 40. Rxd4 Rxd4 41. Nxd4 Bd3 42. Rb7+ Re7 43.
Ne6+ Kh7 44. Rb6 Bg7 45. Nf4 Bc2 46. Rc6 Bb1 47. Rc1 Ba2 48.
Rh1+ Kg8 49. Nxg6 Rc7 50. Rd1 Rc5 51. Rd2 Be6 52. Nf4 Bc8 53.
Ra2 Bf6 54. Ra7 Rc2 55. Bd5+ Kf8 56. Rf7+ Ke8 57. Rxf6 Bxg4 58. Ra6 Ke7 59. Kg3 1-0

[Event "44th Chess Olympiad Women 2022"]
[Site "Chennai"]
[Date "2022.08.07"]
[Round "9.16"]
[White "Omonova, Umida"]
[Black "Belenkaya, Dina"]
[Result "1/2-1/2"]
[WhiteElo "2195"]
[BlackElo "2256"]
[Annotator "RC"]
[PlyCount "65"]
[EventDate "2022.??.??"]
[TimeControl "60"]

1. e4 d5 2. exd5 Qxd5 3. Nc3 Qd8 4. d4 Nf6 5. Nf3 c6 6. Be2 Bf5 7. O-O e6 8. Re1 Be7 9. Bf4 Nbd7 10. h3 h6 11. Ne5 Nxe5 12. Bxe5 Bd6 13. Bd3 Bxd3 14. Qxd3 Bxe5 15. Rxe5 Qb6 16. Na4 Qc7 17. Qg3 O-O 18. Nc5 b6 19. Nb3 Rfd8 20. c3 Rd5 21. Rae1 Rc8 22. f4 a5 23. Qf2 a4 24. Nd2 c5 25. Nf3 cxd4 26. Nxd4 Qc5 27. a3 Rcd8 28. Qg3 R8d6 29. Kh2 Nd7 30. R5e4 Nf6 31. Re5 Nd7 32. R5e4 Nf6 33. Re5 1/2-1/2

[Event "44th Chess Olympiad Women 2022"]
[Site "Chennai"]
[Date "2022.08.07"]
[Round "9.17"]
[White "De Rycke, Tyani"]
[Black "Bach, Ngoc Thuy Duong"]
[Result "1-0"]
[WhiteElo "1994"]
[BlackElo "2192"]
[Annotator "RC"]
[PlyCount "153"]
[EventDate "2022.??.??"]
[TimeControl "60"]

1. e4 c5 2. Nc3 Nc6 3. g3 g6 4. Bg2 Bg7 5. d3 d6 6. Be3 Rb8 7. Qd2 b5 8. Nge2 b4 9. Nd1 h5 10. h3 Nf6 11. f4 Bd7 12. O-O Qc8 13.
Kh2 a5 14. c3 a4 15. Rc1 a3 16. d4 axb2 17. Nxb2 bxc3 18. Rxc3 Qa6 19. Nc4 h4 20. g4 Bxg4 21. e5 Bxe2 22. Qxe2 O-O 23. exf6 Bxf6 24. Ra3 Qb5 25. dxc5 dxc5 26. Rb3 Qa6 27. Ra3 Qb5 28. Qc2 Nd4 29. Qa4 Qxa4 30. Rxa4 Rb4 31. Rxb4 cxb4 32. Ne5 Nf5 33. Bd2 Rd8 34. Bxb4 Rd4 35. Nc6 Rc4 36. Rf2 e6 37. a3 Kg7 38. Na5 Rc1 39. Nb3 Rc4 40.
Nd2 Rc7 41. Nf3 Rc4 42. Nd2 Rc7 43. Ba5 Rc5 44. Nb3 Rc8 45.
Bb4 Rc4 46. Bf1 Rc7 47. Bd3 Ng3 48. Rc2 Rd7 49. Nc5 Rd4 50.
Rc4 Nh5 51. Rxd4 Bxd4 52. a4 Nxf4 53. a5 Be5 54. Kh1 Nxh3 55.
a6 Nf2+ 56. Kg2 Bd4 57. Bc3 Bxc3 58. a7 Bd4 59. a8=Q Bxc5 60. Qa1+ f6 61. Qc3 Nxd3 62. Qxd3 Be7 63. Qe4 f5 64. Qxe6 Bg5 65. Kh3 Bf6 66. Qd7+ Kh6 67. Qf7 Be5 68. Kxh4 Bf4 69. Qg8 Bg5+ 70. Kg3 Bf6 71. Qe6 Kg5 72. Qd6 Bc3 73. Qd8+ Kh6 74. Qh4+ Kg7 75. Qe7+ Kg8 76. Kh4 Bg7 77. Kg5 1-0

[Event "44th Chess Olympiad Women 2022"]
[Site "Chennai"]
[Date "2022.08.07"]
[Round "9.17"]
[White "Goossens, Hanne"]
[Black "Vo, Thi Kim Phung"]
[Result "0-1"]
[WhiteElo "2159"]
[BlackElo "2333"]
[Annotator "RC"]
[PlyCount "118"]
[EventDate "2022.??.??"]
[TimeControl "60"]

1. e4 e6 2. d4 d5 3. Nd2 c5 4. Ngf3 cxd4 5. Nxd4 e5 6. N4f3 dxe4 7. Nxe5 Qd5 8. f4 exf3 9. Ndxf3 Qxd1+ 10. Kxd1 f6 11. Bb5+ Nd7 12. Nd3 a6 13. Re1+ Ne7 14. Bc4 Nb6 15. Bb3 Bg4 16. Be3 Nbd5 17. Bc5 O-O-O 18. Ke2 Ng6 19. Bxf8 Rhxf8 20. Kf2 Nc7 21. Re3 Nd5 22. Ree1 Rd6 23. Nc5 Bxf3 24. gxf3 Ndf4 25. Rad1 Rxd1 26. Rxd1 Re8 27. Ne4 Kc7 28. Nc3 Kc8 29. Ne4 Re7 30. Rd2 Re5 31. Nd6+ Kc7 32. c3 Nh3+ 33. Kg3 Ngf4 34. Ne4 h5 35. Bf7 f5 36. Nf2 g5 37. Nxh3 h4+ 38.
Kf2 Nxh3+ 39. Kg2 g4 40. fxg4 fxg4 41. Bc4 Re1 42. Bf1 Rb1 43. b3 Nf4+ 44. Kg1 g3 45. hxg3 hxg3 46. Rc2 a5 47. Rd2 Ra1 48. a4 Rb1 49. b4 g2 50. Rxg2 Nxg2 51. Kxg2 axb4 52. cxb4 Rxb4 53. Bb5 Rxb5 54. axb5 Kb6 55. Kf2 Kxb5 56. Ke3 Kc4 57. Kd2 Kb3 58. Kc1 b5 59. Kb1 b4 0-1

[Event "44th Chess Olympiad Women 2022"]
[Site "Chennai"]
[Date "2022.08.07"]
[Round "9.17"]
[White "Hoang, Thi Bao Tram"]
[Black "Vanduyfhuys, Daria"]
[Result "0-1"]
[WhiteElo "2288"]
[BlackElo "2094"]
[Annotator "RC"]
[PlyCount "106"]
[EventDate "2022.??.??"]
[TimeControl "60"]

1. Nf3 d5 2. g3 Nf6 3. Bg2 e6 4. d4 c5 5. O-O Nc6 6. c4 cxd4 7. cxd5 Nxd5 8. Nxd4 Be7 9. Nxc6 bxc6 10. Qa4 Bd7 11. Nd2 O-O 12. a3 c5 13. Qc2 Rb8 14. Nc4 Bc6 15. e4 Nb6 16. Rd1 Qc8 17. Bf4 Ra8 18.
Nd6 Bxd6 19. Bxd6 Rd8 20. Qxc5 Qb7 21. Qc2 Rac8 22. Qe2 Na4 23. Rd2 Rd7 24. Rad1 Rcd8 25. Bb4 Bb5 26. Rxd7 Rxd7 27. Rxd7 Qxd7 28. Qc2 Nxb2 29. e5 h6 30. Bd6 Nc4 31. Qb3 a6 32. a4 Nxd6 33. exd6 Bxa4 34. Qb8+ Kh7 35. Bb7 Qb5 36. Qc7 Qb1+ 37. Kg2 Bb5 38. Qxf7 Bf1+ 39. Kf3 Qd1+ 40. Kf4 Qxd6+ 41. Kg4 Bd3 42. Kh3 Qe5 43. Kg2 a5 44. Qd7 Be4+ 45. Bxe4+ Qxe4+ 46. f3 Qc2+ 47. Kh3 Qc4 48. Qa7 a4 49. Qe3 Kg8 50. f4 Qb3 51. Qc5 a3 52. f5 a2 53.
Qc8+ Kh7 0-1

[Event "44th Chess Olympiad Women 2022"]
[Site "Chennai"]
[Date "2022.08.07"]
[Round "9.17"]
[White "Nguyen, Thien Ngan"]
[Black "Barbier, Astrid"]
[Result "1-0"]
[WhiteElo "1912"]
[BlackElo "1879"]
[Annotator "NA"]
[PlyCount "89"]
[EventDate "2022.??.??"]
[TimeControl "60"]

1. e4 c5 2. Nf3 Nc6 3. d4 cxd4 4. Nxd4 Nf6 5. Nc3 e5 6.
Ndb5 d6 7. Bg5 a6 8. Na3 b5 9. Nd5 Be7 10. Bxf6 Bxf6 11. c3 O-O 12. Nc2 Rb8 13. Ncb4 Nxb4 14. Nxb4 Bb7 15. Nd5 Bg5 16. Be2 Bc6 17. Qd3 Kh8 18. O-O a5 19. Rfd1 Bh6 20. b4 a4 21. a3 Qd7 22. h3 Qb7 23.
Ra2 Rfc8 24. Rc2 Bg5 25. Bg4 Rf8 26. c4 g6 27. Be2 f5 28.
cxb5 fxe4 29. Qxe4 Bxb5 30. Bxb5 Qxb5 31. Nc7 Rf4 32. Qxf4 exf4 33. Nxb5 Rxb5 34. Rxd6 Kg7 35. Rd7+ Kh6 36.
Rc5 Rb6 37. Ra5 Rc6 38. Rd1 Rc2 39. Rxa4 Bh4 40. Rf1 g5 41. b5 Rb2 42. Rb4 Rd2 43. b6 Rd8 44. b7 Rb8 45. Rc1 1-0

[Event "44th Chess Olympiad Women 2022"]
[Site "Chennai"]
[Date "2022.08.07"]
[Round "9.18"]
[White "Azhar, Puteri Munajjah Az-"]
[Black "Zimina, Olga"]
[Result "0-1"]
[WhiteElo "2018"]
[BlackElo "2340"]
[Annotator "RC"]
[PlyCount "116"]
[EventDate "2022.??.??"]
[TimeControl "60"]

1. d4 d5 2. c4 c6 3. e3 Bf5 4. Nf3 e6 5. Be2 h6 6. O-O Nf6 7. Nc3 Nbd7 8.
Re1 Bd6 9. h3 O-O 10. Qb3 Rb8 11. c5 Bc7 12. Qa4 a6 13. b4 e5 14. dxe5 Nxe5 15. Bb2 Qe7 16. Nd4 Bd3 17. Rad1 Nc4 18. Ba1 Bxe2 19. Rxe2 Ne4 20. Nxe4 Qxe4 21. Qc2 Rbe8 22. Qxe4 Rxe4 23. Nf5 f6 24. a4 Kf7 25. f3 Re6 26. Kf2 Rd8 27. Nd4 Ree8 28. Nf5 h5 29. h4 Be5 30. Nd4 g5 31. hxg5 fxg5 32. g3 Bf6 33. Rh1 Rh8 34. f4 Rde8 35.
Nf3 gxf4 36. gxf4 Rh6 37. Bxf6 Kxf6 38. Nh4 Re4 39. Kf3 Ke6 40. Rg1 Ne5+ 41. Kg2 Rxb4 42. e4 Nd3 43. exd5+ Kxd5 44. Rd1 Rd4 45. Kg3 Kxc5 46. Red2 Rhd6 47. Nf3 R4d5 48. f5 Kc4 49. Nh4 Kc3 50. Re2 Rd4 51. Ng6 Rxa4 52. Ne5 h4+ 53. Kh2 c5 54. f6 Rf4 55. f7 b5 56. Rg2 c4 57. Rg8 Rdf6 58. Nxd3 cxd3 0-1

[Event "44th Chess Olympiad Women 2022"]
[Site "Chennai"]
[Date "2022.08.07"]
[Round "9.18"]
[White "Brunello, Marina"]
[Black "Foudzi, Siti Zulaikha"]
[Result "1-0"]
[WhiteElo "2341"]
[BlackElo "2188"]
[Annotator "RC"]
[PlyCount "131"]
[EventDate "2022.??.??"]
[TimeControl "60"]

1. e4 g6 2. d4 Bg7 3. Nc3 c6 4. Nf3 d6 5. Be3 Nf6 6. Qd2 b5 7. Bd3 a6 8. Bh6 O-O 9. h4 Bxh6 10. Qxh6 Ng4 11. Qd2 h5 12. e5 dxe5 13. dxe5 c5 14. Qf4 c4 15. Be4 Ra7 16. Nd5 Be6 17. Ne3 Qb6 18. Rd1 Nd7 19. O-O Nc5 20.
Ng5 Nxe4 21. Qxe4 Nxe3 22. fxe3 Bf5 23. Qf4 f6 24. Ne4 Bxe4 25. Qxe4 f5 26. Qf4 Kh7 27. c3 Rd8 28. Rd4 Rad7 29. Rfd1 Qc6 30. a3 Rd5 31. Qg5 Qe6 32. Rxd5 Rxd5 33. Rxd5 Qxd5 34. Qxe7+ Kg8 35. Qf6 Kh7 36. Qd6 Qe4 37. Qd4 Qc6 38. Kf2 Kg8 39. e4 fxe4 40. Ke3 Kf7 41. Qxe4 Qb6+ 42. Kf3 Qg1 43. Qd5+ Ke8 44. Qe6+ Kd8 45. Qd6+ Kc8 46. Qxa6+ Kc7 47. Qd6+ Kb7 48. Qd2 Qf1+ 49. Kg3 Qf5 50. Qf4 Qb1 51. Qf2 Kc6 52. Kh2 Qc1 53. Qf6+ Kb7 54. Qf3+ Kc7 55. Qf7+ Kb8 56. Qe8+ Kc7 57. Qe7+ Kc8 58. Qc5+ Kd8 59. Qd4+ Kc8 60. Qe4 Qxb2 61. e6 Qxa3 62. Qc6+ Kb8 63. Qxb5+ Ka7 64. Qd7+ Kb6 65. e7 Qc1 66. Qd4+ 1-0

[Event "44th Chess Olympiad Women 2022"]
[Site "Chennai"]
[Date "2022.08.07"]
[Round "9.18"]
[White "Raccanello, Marianna"]
[Black "Azhar, Puteri Rifqah Fahad"]
[Result "1/2-1/2"]
[WhiteElo "2067"]
[BlackElo "1940"]
[Annotator "NA"]
[PlyCount "68"]
[EventDate "2022.??.??"]
[TimeControl "60"]

1. e4 d5 2. exd5 Qxd5 3. Nc3 Qa5 4. d4 c6 5. Bc4 Nf6 6. Bd2 Qc7 7. Nf3 Bg4 8. h3 Bxf3 9. Qxf3 e6 10. O-O-O Nbd7 11. Rhe1 O-O-O 12. Bf4 Bd6 13. Bxd6 Qxd6 14. g4 h6 15. Bb3 Nb6 16. h4 Rhf8 17. g5 hxg5 18. hxg5 Nfd5 19. Ne2 Nc7 20. Nf4 g6 21. c3 Nbd5 22. Nd3 Qe7 23. Qg3 Nb6 24. Ne5 Nd7 25. f4 Nxe5 26. fxe5 Rh8 27. Rh1 Nd5 28. Rdf1 Rxh1 29. Rxh1 c5 30. Bxd5 Rxd5 31. Qf4 cxd4 32. cxd4 b6 33. Kb1 Rd7 34. a3 Kb7 1/2-1/2

[Event "44th Chess Olympiad Women 2022"]
[Site "Chennai"]
[Date "2022.08.07"]
[Round "9.18"]
[White "Sim, Jia Ru"]
[Black "Cassi, Elisa"]
[Result "0-1"]
[WhiteElo "2005"]
[BlackElo "1922"]
[Annotator "NA"]
[PlyCount "80"]
[EventDate "2022.??.??"]
[TimeControl "60"]

1. e4 e5 2. Nf3 Nc6 3. Bb5 a6 4. Ba4 Nf6 5. O-O Be7 6. Re1 b5 7. Bb3 d6 8. c3 O-O 9. h3 Nb8 10. d4 Nbd7 11. Nbd2 Bb7 12. Bc2 Re8 13. Nf1 Bf8 14. Ng3 g6 15. a4 Bg7 16. d5 Qb8 17. axb5 axb5 18. Rxa8 Qxa8 19. b4 Nb6 20. Qd3 c6 21. dxc6 Bxc6 22. Qxd6 Rd8 23. Qc5 Nc4 24. Nxe5 Nxe5 25. Qxe5 Nxe4 26. Qf4 Nxc3 27. Nf5 gxf5 28. Qxf5 Ne4 29. f3 Nf6 30. Bb2 Rd5 31. Re5 Bd7 32. Qg5 Rxe5 33. Bxe5 h6 34. Qd2 Qd5 35. Qe3 Ng4 36. hxg4 Qxe5 37. Qd3 Qe1+ 38. Kh2 Be5+ 39. f4 Bxf4+ 40. g3 Qd2+ 0-1

[Event "44th Chess Olympiad Women 2022"]
[Site "Chennai"]
[Date "2022.08.07"]
[Round "9.19"]
[White "Cori T., Deysi"]
[Black "Corrales Jimenez, Zenia"]
[Result "0-1"]
[WhiteElo "2371"]
[BlackElo "2143"]
[Annotator "RC"]
[PlyCount "76"]
[EventDate "2022.??.??"]
[TimeControl "60"]

1. Nf3 d5 2. c4 d4 3. e3 c5 4. b4 dxe3 5. fxe3 cxb4 6. d4 Nf6 7. Bd3 g6 8. O-O Bg7 9. a3 bxa3 10. Qa4+ Nc6 11. d5 O-O 12. Qxa3 Ng4 13. dxc6 Bxa1 14. Be4 Bg7 15. cxb7 Bxb7 16. Bxb7 Rb8 17. Be4 Qc7 18. c5 Rbc8 19. c6 Nf6 20. Bd3 Qxc6 21. Qxe7 Nd5 22. Qh4 Qb6 23. Kh1 Nxe3 24. Bxe3 Qxe3 25. Bc4 h6 26. Nbd2 Qc5 27. Qg3 a5 28. h4 a4 29. Rc1 Qh5 30. Qd6 Rcd8 31. Bxf7+ Kh7 32. Qe7 Qf5 33. Ba2 Qf6 34. Qe4 Qf4 35. Rc6 Rxd2 36. Qxg6+ Kh8 37. Nxd2 Qxh4+ 38. Kg1 Bd4# 0-1

[Event "44th Chess Olympiad Women 2022"]
[Site "Chennai"]
[Date "2022.08.07"]
[Round "9.19"]
[White "Guerrero Rodriguez, Alejandra"]
[Black "Chumpitaz, Ann"]
[Result "0-1"]
[WhiteElo "2006"]
[BlackElo "2278"]
[Annotator "RC"]
[PlyCount "62"]
[EventDate "2022.??.??"]
[TimeControl "60"]

1. e4 c5 2. Nf3 e6 3. c3 d5 4. exd5 Qxd5 5. d4 Nf6 6. Na3 Nc6 7. Be3 cxd4 8. Nb5 Qd8 9. Nbxd4 Bd7 10. Nxc6 bxc6 11. Bd3 Nd5 12. Bg5 Qc7 13. O-O h6 14. Bh4 Bd6 15. Re1 Rb8 16. Bf1 O-O 17. c4 Nf4 18. Re4 c5 19. Qc2 e5 20. Re3 f5 21. Rd1 e4 22. Qd2 Rb6 23.
Rb3 Rfb8 24. Rxb6 Rxb6 25. Be7 Bxe7 26. Qxd7 Qxd7 27. Rxd7 Bf6 28. g3 Ng6 29. Nd2 Rxb2 30. Nb3 Ne5 31. Rxa7 e3 0-1

[Event "44th Chess Olympiad Women 2022"]
[Site "Chennai"]
[Date "2022.08.07"]
[Round "9.19"]
[White "Hernandez Diaz, Paula Sofia"]
[Black "Bravo Mallco, Kate Azumi"]
[Result "0-1"]
[WhiteElo "1751"]
[BlackElo "1958"]
[Annotator "NA RC"]
[PlyCount "120"]
[EventDate "2022.??.??"]
[TimeControl "60"]

1. c4 c5 2. Nc3 Nc6 3. g3 g6 4. Bg2 Bg7 5. d3 e6 6. e4 d6 7. Nge2 Nge7 8. O-O O-O 9. Be3 Nd4 10. Rb1 Rb8 11. Qd2 a6 12. b4 b6 13. Bh6 Bxh6 14. Qxh6 Bb7 15. Nxd4 cxd4 16. Ne2 e5 17. a4 f5 18. f3 Bc8 19. b5 a5 20. Kh1 Kh8 21. Qd2 Ng8 22. Rbe1 Nf6 23. Ng1 fxe4 24. fxe4 Ng4 25. Rxf8+ Qxf8 26. Rf1 Qe7 27. Nf3 Ne3 28. Rf2 Bg4 29. Ne1 Nd1 30. Rf1 Nc3 31. h3 Bd1 32. Nc2 Bxc2 33. Qxc2 Rf8 34. Re1 Qg5 35. Kh2 h5 36. h4 Qe7 37. Bh3 Kg7 38. Rf1 Rxf1 39. Bxf1 Qc7 40. Be2 Qc5 41. Bd1 Qa3 42. Qd2 Qc5 43. Qg5 Qc7 44. Bc2 d5 45.
exd5 Nxd5 46. cxd5 Qxc2+ 47. Kh3 Qc7 48. Kg2 Qd6 49. Kh2 Qf6 50.
Qxf6+ Kxf6 51. Kg2 Ke7 52. Kf3 Kd7 53. g4 Ke7 54. gxh5 gxh5 55. Ke4 Kd6 56. Kf5 Kxd5 57. Kg5 e4 58. dxe4+ Kxe4 59. Kxh5 d3 60. Kh6 d2 0-1